 Dungeon Crawl Stone Soup version 0.19-a0-1401-g902f63d (webtiles) character file.

277292 Iwannabefree the Unseen (level 19, -5/140 HPs)
             Began as a Vampire Enchanter on Sept 3, 2016.
             Was the Champion of Ashenzari.
             Slain by a saltling (12 damage)
             ... in the Desolation of Salt on Sept 4, 2016.
             The game lasted 03:18:07 (44327 turns).

Iwannabefree the Unseen (Vampire Enchanter)        Turns: 44327, Time: 03:18:07

Health: -5/140     AC:  6    Str:  6    XL:     19   Next: 60%
Magic:  1/37       EV: 25    Int: 25    God:    Ashenzari [******]
Gold:   1160       SH:  0    Dex: 16    Spells: 11 memorised, 5 levels left

rFire  . . .     SeeInvis +     W - +3 rapier (elec) (curse)
rCold  + + +     Gourm    .     F - +0 robe {Archmagi} (curse)
rNeg   + + .     Faith    .     (no shield)
rPois  +         Spirit   .     (helmet restricted)
rElec  +         Dismiss  .     x - +0 cloak {rPois} (curse)
rCorr  .         Reflect  .     m - +0 pair of gloves (curse)
MR     +....     Harm     .     p - +1 pair of boots (curse)
Stlth  +++++++++. Clarity  +    I - amulet "Yxkuxov" {rC++ Regen+ Str-3 Int+3} (curse)
                                J - ring "Jal Jipp" {+Blink rElec rC+}
                                R - +5 ring of slaying (curse)

@: about to teleport, regenerating slowly, delayed fireball, repel missiles
A: fangs 3, horns 1, see invisible, unbreathing
a: Bat Form, Curse Item, Scrying, Transfer Knowledge, Renounce Religion, Release
Delayed Fireball, Evoke Blink
}: 2/15 runes: decaying, serpentine


You were in the Desolation of Salt.
You worshipped Ashenzari.
Ashenzari was exalted by your worship.
You were thirsty.

You visited 7 branches of the dungeon, and saw 33 of its levels.
You also visited: Labyrinth, Sewer, Ossuary and Desolation.

You collected 3538 gold pieces.
You spent 2378 gold pieces at shops.

Inventory:

Hand Weapons
 W - a cursed +3 rapier of electrocution (weapon)
Armour
 m - a cursed +0 pair of gloves (worn)
 p - a cursed +1 pair of boots (worn)
 u - a +2 pair of boots of stealth
 x - a cursed +0 cloak of poison resistance (worn)
 F - a cursed +0 robe of the Archmagi (worn)
 O - a cursed +0 helmet
Jewellery
 f - the ring "Mon Laqu" {rPois rN+ Str+8 Int-2 Stlth-}
   (You found it in the Desolation of Salt)

   [ring of positive energy]

   It affects your strength (+8).
   It affects your intelligence (-2).
   It protects you from poison.
   It protects you from negative energy.
   It makes you less stealthy.
 r - the ring of Mapuist {+Fly rN+ Str-4 Slay+3 Stlth+}
   (You found it in the Desolation of Salt)

   [ring of positive energy]

   It affects your strength (-4).
   It affects your accuracy and damage with ranged weapons and melee attacks
   (+3).
   It protects you from negative energy.
   It lets you fly.
   It makes you more stealthy.
 I - the cursed amulet "Yxkuxov" (around neck) {rC++ Regen+ Str-3 Int+3}
   (You found it on level 10 of the Dungeon)

   [amulet of regeneration]

   It affects your strength (-3).
   It affects your intelligence (+3).
   It greatly protects you from cold.
   It increases your rate of regeneration.
   It has a curse placed upon it.
 J - the ring "Jal Jipp" (right hand) {+Blink rElec rC+}
   (You bought it in a shop on level 2 of the Snake Pit)

   [ring of protection from cold]

   It protects you from cold.
   It insulates you from electricity.
   It lets you blink.
 R - a cursed +5 ring of slaying (left hand)
Wands
 Y - a wand of lightning (11/15)
Scrolls
 a - 4 scrolls of recharging
 d - a scroll of remove curse
 h - 4 scrolls of noise
 o - a scroll of enchant weapon
 z - a scroll of brand weapon {unknown}
 A - 4 scrolls of enchant armour
 B - 6 scrolls of fog
 E - a scroll of vulnerability {unknown}
 G - 4 scrolls of amnesia
 H - a scroll of summoning {unknown}
 N - 12 scrolls of identify
 Q - 3 scrolls of magic mapping {unknown}
 X - 3 scrolls of silence {unknown}
Potions
 b - a potion of resistance
 e - 17 potions of curing
 j - 9 potions of agility
 k - 3 potions of ambrosia
 l - 4 potions of magic
 n - 3 potions of haste
 s - a potion of might
 C - 6 potions of flight
 V - a potion of berserk rage {unknown}
Books
 c - a book of Maledictions

   Spells                             Type                      Level
   a - Corona                         Hexes                        1
   b - Ensorcelled Hibernation        Hexes/Ice                    2
   c - Confuse                        Hexes                        3
   d - Tukima's Dance                 Hexes                        3
   e - Dazzling Spray                 Conjuration/Hexes            3
 g - a book of Fire

   Spells                             Type                      Level
   a - Ignite Poison                  Fire/Transmutation/Poison    3
   b - Fireball                       Conjuration/Fire             5
   c - Bolt of Fire                   Conjuration/Fire             6
   d - Delayed Fireball               Conjuration/Fire             7
   e - Ring of Flames                 Charms/Fire                  7
 i - a book of Battle

   Spells                             Type                      Level
   a - Infusion                       Charms                       1
   b - Shroud of Golubria             Charms/Translocation         2
   c - Song of Slaying                Charms                       2
   d - Spectral Weapon                Hexes/Charms                 3
   e - Regeneration                   Charms/Necromancy            3
 q - a book of the Earth

   Spells                             Type                      Level
   a - Leda's Liquefaction            Hexes/Earth                  4
   b - Bolt of Magma                  Conjuration/Fire/Earth       5
   c - Statue Form                    Transmutation/Earth          6
   d - Iron Shot                      Conjuration/Earth            6
   e - Shatter                        Earth                        9
 t - a book of Burglary

   Spells                             Type                      Level
   a - Swiftness                      Charms/Air                   2
   b - Passwall                       Transmutation/Earth          2
   c - Passage of Golubria            Translocation                4
   d - Lee's Rapid Deconstruction     Earth                        5
   e - Darkness                       Hexes                        6
   f - Invisibility                   Hexes                        6
 w - a book of Conjurations

   Spells                             Type                      Level
   a - Magic Dart                     Conjuration                  1
   b - Searing Ray                    Conjuration                  2
   c - Dazzling Spray                 Conjuration/Hexes            3
   d - Fulminant Prism                Conjuration/Hexes            4
   e - Iskenderun's Mystic Blast      Conjuration                  4
   f - Iskenderun's Battlesphere      Conjuration/Charms           5
 y - a book of Callings

   Spells                             Type                      Level
   a - Summon Small Mammal            Summoning                    1
   b - Call Imp                       Summoning                    2
   c - Call Canine Familiar           Summoning                    3
   d - Summon Guardian Golem          Hexes/Summoning              3
   e - Summon Lightning Spire         Summoning/Air                4
   f - Summon Ice Beast               Ice/Summoning                4
 L - a book of the Tempests

   Spells                             Type                      Level
   a - Static Discharge               Conjuration/Air              3
   b - Lightning Bolt                 Conjuration/Air              5
   c - Fireball                       Conjuration/Fire             5
   d - Tornado                        Air                          9
   e - Shatter                        Earth                        9
 T - the Papyrus of Creative Enchantment
   (You found it in a labyrinth)

   Spells                             Type                      Level
   a - Dazzling Spray                 Conjuration/Hexes            3
   b - Confuse                        Hexes                        3
   c - Summon Lightning Spire         Summoning/Air                4
   d - Silence                        Hexes/Air                    5
   e - Yara's Violent Unravelling     Hexes/Transmutation          5
 Z - a book of Air

   Spells                             Type                      Level
   a - Shock                          Conjuration/Air              1
   b - Swiftness                      Charms/Air                   2
   c - Repel Missiles                 Charms/Air                   2
   d - Static Discharge               Conjuration/Air              3
   e - Lightning Bolt                 Conjuration/Air              5


   Skills:
 - Level 10.0 Fighting
 - Level 9.0(13.3) Short Blades
 - Level 14.0(16.6) Dodging
 - Level 19.5(21.7) Stealth
 - Level 14.0 Spellcasting
 - Level 11.0(13.7) Conjurations
 - Level 9.5(12.4) Hexes
 - Level 11.0(13.8) Charms
 + Level 13.5(16.1) Fire Magic
 - Level 5.0(8.0) Air Magic
 - Level 8.0(11.0) Evocations


You had 5 spell levels left.
You knew the following spells:

 Your Spells              Type           Power        Failure   Level  Hunger
a - Iskenderun's Mystic   Conj           #######.     1%          4    None
b - Bolt of Fire          Conj/Fire      #######...   1%          6    ####...
c - Confuse               Hex            #######.     1%          3    None
d - Tukima's Dance        Hex            #######.     1%          3    None
e - Iskenderun's Battles  Conj/Chrm      #######.     1%          5    ##.....
f - Delayed Fireball      Conj/Fire      N/A          10%         7    ######.
g - Swiftness             Chrm/Air       #######.     1%          2    None
h - Ensorcelled Hibernat  Hex/Ice        ######       1%          2    None
i - Repel Missiles        Chrm/Air       ######       1%          2    None
j - Invisibility          Hex            #######.     3%          6    ####...
k - Apportation           Tloc           ####......   3%          1    None


Dungeon Overview and Level Annotations

Branches:
Dungeon (15/15)            Temple (1/1) D:5            Lair (6/6) D:11
  Swamp (4/4) Lair:2        Snake (4/4) Lair:3        Slime (0/5) Lair:5
    Orc (2/2) D:12            Elf (1/3) Orc:2        Vaults (0/5) D:13
 Depths (0/5) D:15

Altars:
Ashenzari
Cheibriados
Elyvilon
Fedhas
Kikubaaqudgha
Makhleb
Nemelex Xobeh
Okawaru
Sif Muna
Zin
The Shining One
Beogh

Shops:
D:7 =   D:10 =   D:11 *   D:13 (   Orc:2 %}[=   Snake:2 =}=   Snake:3 (*(
Snake:4 }

Portals:
Hell: Lair:6


Innate Abilities, Weirdness & Mutations

You heal slowly.
You have razor-sharp teeth.
You have supernaturally acute eyesight. (SInv)
You can survive without breathing.
You have a pair of small horns on your head.


Message History

MASSIVE DAMAGE!!
The saltling no longer looks unusually strong.
The saltling barely misses your battlesphere.
The saltling closely misses you.
Okay, then.
As you read the scroll of teleportation, it crumbles to dust.
You feel strangely unstable. The saltling closely misses you.
The saltling misses you. The saltling hits you!
* * * LOW HITPOINT WARNING * * *
The saltling hits you!
* * * LOW HITPOINT WARNING * * *
You take 20 damage, and have 7/140 hp.
Okay, then.
You blink.
You feel slightly more thirsty.
The saltling no longer looks unusually strong.
The saltling barely misses you. The saltling hits your battlesphere!
The saltling hits you!
You die...

.#.... ,, ,,,,, ,,,, , ,,* *
...........§ , ,,,, ,, , **
...........§§ ,,, , .,,, *
..........§§§§§§§ §. *** **
.........§..§§§§§§§§§.,, ** *
.....#....§§§§§§§§§§.. , ,* *
..........§§§§88§§§§.., , * *
..........§.§888§§§§...,,,,*** *
.........)#..§§*@§§.... ***
..........§..§§§§.......,, * ****
.......§................ , *** *
....§§..§.§§...p........ , *
.....§..§§§............. , * ***
.....§§§§§§§............ , *
....§§§§§§§§...............######
...§§§§§§§§§...............######
...§.§§§§§§§...............######


You could see an imperial myrmidon (confused), 4 saltlings and a friendly
battlesphere.

Vanquished Creatures
  Saint Roka (Snake:3)
  Nikola (Swamp:2)
  Rupert (Lair:3)
  3 thorn hunters
  Kirke (Snake:3)
  Roxanne (Swamp:2)
  Donald (Swamp:2)
  19 greater nagas
  A frost giant (D:15)
  2 angels (Elf:1)
  Nessos (Lair:4)
  A dire elephant (Lair:6)
  A halazid warlock (Desolation)
  3 crystal guardians (Desolation)
  4 ragged hierophants (Desolation)
  A minotaur (Lab)
  2 eidola (D:14)
  A fire dragon (D:15)
  An ice dragon (D:15)
  3 ghost crabs (Swamp:2)
  Erolcha (D:11)
  9 peacekeepers (Desolation)
  21 anacondas
  33 hydras
  3 naga warriors
  6 servants of whispers (Desolation)
  6 alligators
  6 centaur warriors
  A death knight (D:14)
  2 dancing weapons (D:13)
  8 death yaks (Lair:5)
  A deep troll earth mage (D:15)
  5 shock serpents
  A vampire mage (D:14)
  14 naga sharpshooters
  3 orc high priests (Orc:2)
  A deep elf knight (Elf:1)
  3 skeletal warriors (D:14)
  A sixfirhy (Lair:6)
  Sonja (Lair:2)
  2 fire crabs (Lair:6)
  A salamander mystic (Snake:4)
  An unseen horror (D:15)
  2 spriggan druids (Swamp:4)
  A wizard (Lair:6)
  13 naga ritualists
  A wolf spider zombie (D:14)
  6 shambling mangroves
  3 ironbrand convokers (Desolation)
  5 phantasmal warriors
  6 orc knights
  15 mana vipers
  4 hill giants
  19 swamp dragons
  A deep elf mage (D:14)
  10 ugly things
  A wolf spider (D:15)
  2 griffons
  A manticore (D:15)
  7 orc sorcerers
  4 salamanders
  3 cyclopes
  13 elephants
  58 black mambas
  16 naga magi
  A black mamba (shapeshifter) (D:15)
  A molten gargoyle (Desolation)
  A smoke demon (Lair:6)
  10 guardian serpents
  13 spiny frogs
  2 gargoyles
  6 orange demons (Lair:6)
  A yaktaur (D:14)
  3 kobold demonologists (D:12)
  6 rime drakes
  7 komodo dragons
  A harpy zombie (D:14)
  2 ice devils (Lair:6)
  A hellwing (Lair:6)
  3 meliai (D:14)
  2 polar bears
  6 giant leeches
  Grinder (D:3)
  8 trolls
  45 saltlings (Desolation)
  2 two-headed ogres
  9 bog bodies
  3 boulder beetles
  24 slime creatures
  A harpy skeleton (D:14)
  2 meliai zombies
  7 dream sheep
  16 blink frogs
  A hornet zombie (D:14)
  2 centaur simulacra (D:15)
  Sigmund (D:6)
  2 spriggans
  4 flying skulls (D:14)
  2 air elementals (Elf:1)
  3 shadows
  A wyvern (Lair:5)
  28 yaks
  3 wraiths
  2 basilisks
  4 water elementals (D:15)
  A vampire (D:15)
  7 hogs
  A human (D:7)
  27 vampire mosquitoes
  A redback simulacrum (D:15)
  13 hippogriffs
  3 hungry ghosts
  4 wargs
  48 nagas
  21 swamp worms
  9 insubstantial wisps
  2 mottled dragons
  A harpy simulacrum (D:15)
  13 water moccasins
  3 hell hounds
  Edmund (D:6)
  19 swamp drakes
  Duvessa (D:5)
  2 meliai simulacra
  14 porcupines
  8 ice beasts
  A hornet simulacrum (D:15)
  2 sky beasts
  2 eyes of draining
  26 orc warriors
  7 ogres
  3 phantoms
  10 wasps
  4 necrophages (D:13)
  35 wolves
  17 centaurs
  11 crocodiles
  4 big kobolds
  22 giant frogs
  3 wyvern zombies
  A gnoll sergeant (D:7)
  Dowan (D:5)
  3 wyvern skeletons (D:14)
  7 scorpions
  6 killer bees (D:12)
  12 wights
  4 howler monkeys
  8 centaur zombies
  An electric eel (D:15)
  6 crimson imps
  A quasit (D:8)
  A giant frog zombie (D:9)
  3 hounds
  16 jellies
  4 human zombies (Ossuary)
  7 centaur skeletons
  9 orc priests
  22 orc wizards
  6 giant frog skeletons
  10 iguanas
  8 worker ants
  A big kobold zombie (Ossuary)
  A hound zombie (D:11)
  3 mummies (Ossuary)
  A worker ant zombie (D:11)
  11 gnolls
  6 adders
  38 river rats
  2 shadow imps
  2 white imps (D:15)
  An ufetubus (D:15)
  4 oozes
  An adder zombie (Ossuary)
  2 worms
  4 dart slugs
  4 giant geckos
  51 orcs
  4 ball pythons
  6 giant cockroaches
  9 goblins
  8 hobgoblins
  9 jackals
  3 quokkas
  4 bats
  A giant gecko skeleton (D:8)
  9 giant newts
  2 gnoll zombies (Ossuary)
  5 goblin zombies (Ossuary)
  2 hobgoblin zombies (Ossuary)
  4 jackal zombies (Ossuary)
  30 kobolds
  5 kobold zombies (Ossuary)
  2 orc zombies (Ossuary)
  2 quokka skeletons
  4 quokka zombies
  15 rats
  7 rat zombies
  A bush (D:13)
  4 fungi
  4 plants
1361 creatures vanquished.

Vanquished Creatures (collateral kills)
  3 hill giants
  An ogre (D:10)
4 creatures vanquished.

Vanquished Creatures (others)
  2 hornets (Swamp:4)
  A slime creature (Swamp:2)
  3 humans (Snake:3)
  A dancing weapon (D:11)
  2 fungi
  7 plants
16 creatures vanquished.

Grand Total: 1381 creatures vanquished

Notes
Turn   | Place    | Note
-------+----------+-------------------------------------------
     0 | D:1      | Iwannabefree the Vampire Enchanter began the quest for the Orb.
     0 | D:1      | Reached XP level 1. HP: 13/13 MP: 3/3
   148 | D:1      | Reached XP level 2. HP: 10/19 MP: 1/5
   567 | D:2      | Learned a level 2 spell: Ensorcelled Hibernation
   603 | D:2      | Reached XP level 3. HP: 24/24 MP: 4/7
   996 | D:2      | Learned a level 3 spell: Confuse
  1135 | D:2      | Reached XP level 4. HP: 30/30 MP: 7/10
  1272 | D:3      | Noticed Grinder
  1526 | D:3      | Reached skill level 5 in Hexes
  2093 | D:3      | Killed Grinder
  2093 | D:3      | Reached XP level 5. HP: 31/35 MP: 4/11
  2093 | D:3      | Reached XP level 6. HP: 36/41 MP: 4/12
  2602 | D:4      | Found a burning altar of Makhleb.
  2974 | D:5      | Entered Level 5 of the Dungeon
  2994 | D:5      | Reached skill level 5 in Stealth
  3050 | D:5      | Reached skill level 1 in Fighting
  3092 | D:5      | Noticed Duvessa
  3117 | D:5      | Killed Duvessa
  3117 | D:5      | Reached skill level 6 in Stealth
  3117 | D:5      | Reached XP level 7. HP: 49/50 MP: 13/13
  3161 | D:5      | Found a staircase to the Ecumenical Temple.
  3167 | Temple   | Entered the Ecumenical Temple
  3178 | Temple   | Became a worshipper of Ashenzari the Shackled
  3207 | D:5      | Noticed Dowan
  3228 | D:5      | Killed Dowan
  3248 | D:5      | Reached skill level 7 in Stealth
  3627 | D:5      | Reached skill level 8 in Stealth
  3698 | D:5      | Learned a level 3 spell: Tukima's Dance
  3942 | D:5      | Reached XP level 8. HP: 49/60 MP: 5/14
  4172 | D:6      | Found a glowing drain.
  4180 | Sewer    | Entered a sewer
  4344 | Sewer    | Reached skill level 5 in Spellcasting
  4577 | D:6      | Noticed Sigmund
  4583 | D:6      | Reached * piety under Ashenzari
  4590 | D:6      | Killed Sigmund
  4590 | D:6      | Reached skill level 5 in Short Blades
  4897 | D:6      | Noticed Edmund
  4940 | D:6      | Killed Edmund
  4940 | D:6      | Reached XP level 9. HP: 54/65 MP: 16/16
  5463 | D:7      | Found Baberixee's Jewellery Shoppe.
  5603 | D:7      | Reached skill level 5 in Fighting
  6340 | D:8      | Found a sand-covered staircase.
  6370 | Ossuary  | Entered an ossuary
  6596 | Ossuary  | Reached XP level 10. HP: 77/79 MP: 17/17
  7639 | D:9      | Reached skill level 9 in Stealth
  8023 | D:9      | Found a deep blue altar of Sif Muna.
  8033 | D:9      | Reached skill level 10 in Stealth
  8112 | D:9      | Noticed a centaur warrior
  8126 | D:9      | Killed a centaur warrior
  8126 | D:9      | Reached skill level 11 in Stealth
  8233 | D:10     | Entered Level 10 of the Dungeon
  8271 | D:10     | Found Jeb Rajej's Jewellery Shoppe.
  8277 | D:10     | Identified the amulet "Yxkuxov" {rC++ Regen+ Str-3 Int+3}
  8293 | D:10     | Reached skill level 12 in Stealth
  8353 | D:10     | Reached ** piety under Ashenzari
  8456 | D:10     | Reached skill level 13 in Stealth
  8771 | D:10     | Reached skill level 14 in Stealth
  8942 | D:11     | Noticed a hill giant
  8956 | D:11     | Killed a hill giant
  8956 | D:11     | Reached XP level 11. HP: 14/86 MP: 4/18
  8960 | D:11     | Found a staircase to the Lair.
  9253 | D:11     | Found Hobovofu's Demolitions Depot.
  9275 | D:11     | Bought a book of Conjurations for 390 gold pieces
  9335 | D:11     | Noticed a hill giant
  9388 | D:11     | Gained mutation: You are agile. (Dex +2) [potion of mutation]
  9388 | D:11     | Gained mutation: Armour fits poorly on your strangely shaped body. [potion of mutation]
  9395 | D:11     | Killed a hill giant
  9395 | D:11     | Reached skill level 15 in Stealth
  9647 | D:11     | Noticed Erolcha
  9658 | D:11     | Killed Erolcha
  9688 | D:11     | Reached skill level 16 in Stealth
 10278 | D:11     | Learned a level 4 spell: Iskenderun's Mystic Blast
 10299 | D:12     | Reached skill level 1 in Conjurations
 10634 | D:12     | Noticed a hill giant
 10650 | D:12     | Killed a hill giant
 10803 | D:12     | Noticed a brown ugly thing
 10821 | D:12     | Killed a brown ugly thing
 10874 | D:12     | jacquesderrida: u will be free, little mang
 10908 | D:12     | Noticed a sun demon
 11000 | D:12     | jacquesderrida: >>>>>>>>>>>>>>>>>vampyr
 11019 | D:12     | jacquesderrida: Reeeeeee!
 11022 | D:12     | Iwannabefree: otsilochka k jojo?
 11022 | D:12     | jacquesderrida: !hs * vp
 11022 | D:12     | Iwannabefree: ne smotrel k sozhaleniu
 11044 | D:12     | Found a staircase to the Orcish Mines.
 11077 | D:12     | beem: 174175. 4thArraOfDagon the Demonologist (L25 VpNe of Sif Muna), escaped with the Orb and 15 runes on 2012-09-22 23:12:31, with 41381209 points after 34972 turns and 9:20:20.
 11079 | D:12     | jacquesderrida: Kakaia atsylachka
 11129 | D:12     | Iwannabefree: soryan memasi ne vse viuchil
 11143 | D:12     | Noticed a centaur warrior
 11149 | D:12     | jacquesderrida: Едрить!
 11153 | D:12     | Killed a centaur warrior
 11153 | D:12     | Reached XP level 12. HP: 92/92 MP: 23/23
 11242 | D:12     | Iwannabefree: whoops
 11242 | D:12     | jacquesderrida: Vampyr ЛИТЕРАЛЛИ почти столетний фильм дрейера эхехехе
 11308 | Lair:1   | Entered Level 1 of the Lair of Beasts
 11346 | Lair:1   | Identified the cursed +1 chain mail "Morum" {rC- rCorr Str+7 Int-4}
 11422 | Lair:1   | jacquesderrida: :D
 11422 | Lair:1   | jacquesderrida: Ebat che za laggggg
 11438 | Lair:1   | Reached *** piety under Ashenzari
 11487 | Lair:1   | Iwannabefree: это я медленно играю
 11505 | Lair:1   | Reached skill level 5 in Conjurations
 11510 | Lair:1   | jacquesderrida: HAI
 11527 | Lair:1   | jacquesderrida: BRAUZER CHET VZORVALSYA
 11531 | Lair:1   | Iwannabefree: ok, rebootnu
 11531 | Lair:1   | jacquesderrida: CHE
 11531 | Lair:1   | jacquesderrida: ZACH
 11531 | Lair:1   | Iwannabefree: kak ti tak bistro zashel?
 11531 | Lair:1   | jacquesderrida: O, bronya
 11554 | Lair:1   | jacquesderrida: Nais
 11554 | Lair:1   | Iwannabefree: govno
 11564 | Lair:1   | jacquesderrida: Vsmysli bistra...
 11564 | Lair:1   | Iwannabefree: bistree menya
 11568 | Lair:1   | jacquesderrida: Reeee
 11599 | Lair:1   | jacquesderrida: Ya povelitel igar
 11600 | Lair:1   | jacquesderrida: igor
 11619 | Lair:1   | jacquesderrida: IGOR FETCH ME THE BRAIN Reeeeeeee
 11853 | Lair:2   | jacquesderrida: cheta memasy iz cinema na um prihodyat
 11909 | Lair:2   | Noticed Sonja
 11917 | Lair:2   | Killed Sonja
 11992 | Lair:2   | Found a staircase to the Swamp.
 11993 | Lair:2   | jacquesderrida: Ebat okazualolo
 12024 | Lair:2   | Iwannabefree: chto imenno?
 12024 | Lair:2   | jacquesderrida: Ranshe mezhdu dagger i short sward bylo 800% multiplier raznicy
 12024 | Lair:2   | jacquesderrida: Pri stabbinge
 12024 | Lair:2   | Iwannabefree: aaa
 12064 | Lair:2   | jacquesderrida: Teper net reznicy boobsche vrod
 12268 | Lair:2   | jacquesderrida: ??stabbing
 12268 | Lair:2   | beem: stabbing[1/5]: A stab with a short blade does increased damage: (dam+bonus)*mult, where bonus depends on your dex as well as your stealth and weapon skills and is capped at 30, and mult depends on your stealth/weapon skills and the type of stab (sleep/paralysis is best). Non-short blades don't get a bonus and have lower mult. Daggers get bonus doubled (but still capped at 30).
 12307 | Lair:2   | jacquesderrida: Kogda tam uzhe qblade dadoot
 12642 | Lair:3   | Learned a level 5 spell: Iskenderun's Battlesphere
 12652 | Lair:3   | Reached skill level 1 in Charms
 12721 | Lair:3   | Found a staircase to the Snake Pit.
 12741 | Lair:3   | jacquesderrida: Nagars
 12785 | Lair:3   | Reached **** piety under Ashenzari
 13062 | Lair:3   | Noticed an eight-headed hydra
 13153 | Lair:3   | Noticed Rupert
 13153 | Lair:3   | Iwannabefree: SHIIIEEEE
 13203 | Lair:3   | jacquesderrida: ROBERT
 13208 | Lair:3   | jacquesderrida: THE KING OF SWEDEN
 13230 | Lair:4   | Noticed Nessos
 13231 | Lair:4   | jacquesderrida: waw
 13231 | Lair:4   | Iwannabefree: da suka
 13231 | Lair:4   | jacquesderrida: PALNI WANDOM
 13235 | Lair:4   | jacquesderrida: A
 13237 | Lair:4   | jacquesderrida: Nu da
 13239 | Lair:4   | jacquesderrida: Enchanter
 13255 | Lair:4   | Killed Nessos
 13258 | Lair:4   | jacquesderrida: U nesasa i soni MR net...
 13258 | Lair:4   | Iwannabefree: etot izi
 13279 | Lair:4   | jacquesderrida: ??love
 13279 | Lair:4   | beem: love[1/5]: You miss Sonja. You feel sick. You die...
 13282 | Lair:4   | Reached skill level 5 in Charms
 13316 | Lair:4   | Reached XP level 13. HP: 95/98 MP: 6/24
 13647 | Lair:4   | jacquesderrida: >ubeel slona
 13664 | Lair:4   | jacquesderrida: Eeeeeek?!
 13687 | Lair:4   | jacquesderrida: Nizya
 13702 | Lair:4   | jacquesderrida: Slon bolshoi i kharoshy
 13711 | Lair:4   | jacquesderrida: Dobry
 14047 | Lair:5   | Found a staircase to the Slime Pits.
 14151 | Lair:5   | Iwannabefree: wat is this
 14492 | Lair:5   | jacquesderrida: CHE
 14494 | Lair:5   | jacquesderrida: WHAT IS CHE
 14502 | Lair:5   | jacquesderrida: YA ALT TABBED SORY
 14658 | Lair:5   | Iwannabefree: ovechki noviye
 15147 | Lair:5   | jacquesderrida: Da
 15153 | Lair:5   | jacquesderrida: Blya...
 15294 | Lair:5   | jacquesderrida: Я забыл всем рассказать, но
 15488 | Lair:5   | Reached ***** piety under Ashenzari
 15504 | Lair:5   | jacquesderrida: Я вчера в списке смешнявок Bad Ideas нашел одну про овечек
 15754 | Lair:5   | jacquesderrida: ??bad ideas[2
 15756 | Lair:5   | beem: bad ideas[2/2]: See http://sites.google.com/site/cherrypickedbadideas/ for ortoslon's selection of ~100 favourites.
 15760 | Lair:5   | jacquesderrida: >>>>>>>>2012
 15760 | Lair:5   | jacquesderrida: >>>>>>The more sheep that are within the line of sight, the greater the odds of one casting a sleep spell on you.
 15760 | Lair:5   | jacquesderrida: >>>>>>>>>2016
 15760 | Lair:5   | jacquesderrida: >>>>>>>>dream sheeps
 15760 | Lair:5   | jacquesderrida: Eeeeeeek...
 15760 | Lair:5   | jacquesderrida: ??dream sheep
 15760 | Lair:5   | beem: dream sheep[1/1]: Magical sheep that will put you to sleep when gathered in large herds. Added in 0.19 with the removal of normal sheep.
 15760 | Lair:5   | Iwannabefree: oh
 15763 | Lair:6   | Entered Level 6 of the Lair of Beasts
 15764 | Lair:6   | Iwannabefree: zhdu chego nibud poveselee
 15881 | Lair:6   | Found an iron altar of Okawaru.
 16536 | Lair:6   | Reached skill level 10 in Conjurations
 16881 | Lair:6   | Identified a scroll of acquirement
 16892 | Lair:6   | Iwannabefree: roll
 16894 | Lair:6   | Iwannabefree: precursed
 16894 | Lair:6   | Iwannabefree: nice
 17328 | Lair:6   | Reached XP level 14. HP: 91/105 MP: 25/25
 17438 | Lair:6   | Reached skill level 10 in Charms
 17585 | Lair:6   | Found a burning altar of Makhleb.
 17585 | Lair:6   | Found a gateway to Hell.
 18053 | Lair:6   | Iwannabefree: dat loot
 19028 | Lair:3   | Iwannabefree: suka nu random pls
 19161 | Lair:2   | jacquesderrida: vse predmety to akwairment kodu boodoot proklyaty esli pod eshenzeri
 19164 | Lair:2   | Learned a level 2 spell: Swiftness
 19167 | Lair:3   | jacquesderrida: Randam ples
 19443 | Lair:3   | Iwannabefree: hydra
 19443 | Lair:3   | Iwannabefree: 4 confusa srezistila
 19443 | Lair:3   | Iwannabefree: podryad
 19443 | Lair:3   | Iwannabefree: 38%
 19504 | Lair:3   | Killed Rupert
 19793 | Orc:1    | Entered Level 1 of the Orcish Mines
 20081 | Orc:1    | Found a roughly hewn altar of Beogh.
 20330 | Orc:2    | Entered Level 2 of the Orcish Mines
 20330 | Orc:2    | Found a staircase to the Elven Halls.
 20362 | Orc:2    | Found a labyrinth entrance.
 20374 | Lab      | Entered a labyrinth
 20748 | Lab      | Identified the Papyrus of Creative Enchantment
 20750 | Lab      | Iwannabefree: VOTETA LOOOOOT
 20851 | Orc:2    | Reached skill level 5 in Dodging
 21076 | Orc:2    | Found a burning altar of Makhleb.
 21165 | Orc:2    | Found Xulliel's Jewellery Shop.
 21168 | Orc:2    | Found Wiguf's Armour Shoppe.
 21696 | Orc:2    | Found Maumue's Food Shop.
 21697 | Orc:2    | Found Nuocisodgh's Gadget Shoppe.
 22003 | D:13     | Gained mutation: You are surrounded by a mild repulsion field. (EV +2) [potion of mutation]
 22003 | D:13     | Gained mutation: You expend magic power (3 MP) to strengthen your wands. [potion of mutation]
 22003 | D:13     | Gained mutation: Potions and wands are less effective at restoring your health. [potion of mutation]
 22038 | D:13     | Found a gate to the Vaults.
 22053 | D:13     | Iwannabefree: +9
 22053 | D:13     | Iwannabefree: oh
 22232 | D:13     | Found a blossoming altar of Fedhas.
 22344 | D:13     | Found Utest's Antique Weapon Boutique.
 22347 | D:13     | Iwannabefree: ??ashenzari
 22347 | D:13     | beem: ashenzari[1/5]: God of divinations, knowledge, and curses. Likes it when you wear cursed gear while exploring the world. Grants passive monster/item detection, item identification (see [2]), and passive mapping. 1*: {Scrying}, 2*: {ash skill boost} 3*: SInv 4*: Clarity 5*: {transfer knowledge}
 23035 | D:14     | Reached ****** piety under Ashenzari
 23065 | D:14     | Reached XP level 15. HP: 110/110 MP: 28/28
 23119 | D:14     | Learned a level 5 spell: Lightning Bolt
 23120 | D:14     | Reached skill level 10 in Spellcasting
 23361 | D:14     | Reached skill level 10 in Dodging
 23423 | D:14     | Tux: me
 23458 | D:14     | Iwannabefree: me?
 23462 | D:14     | Tux: not you
 23464 | D:14     | Tux: me
 23466 | D:14     | Iwannabefree: okay
 23493 | D:14     | Tux: -.-
 23534 | D:14     | Tux: squeak form
 23589 | D:13     | Tux: well that works too
 23651 | D:14     | Tux: tukima's party
 23668 | D:14     | Reached skill level 1 in Air Magic
 24536 | D:14     | Iwannabefree: wher is muh damage
 24536 | D:14     | Iwannabefree: whats wrong with this bolt
 24753 | D:14     | Tux: a lot probably
 24755 | D:14     | Tux: the wrongest is it's to-hit
 24952 | D:14     | Tux: magic dart is much better
 25023 | D:14     | Reached skill level 5 in Air Magic
 25523 | D:15     | Entered Level 15 of the Dungeon
 26487 | D:15     | Noticed a frost giant
 26515 | D:15     | Found a staircase to the Depths.
 26559 | D:15     | Found a runed door.
 26644 | D:15     | Learned a level 5 spell: Fireball
 27031 | D:15     | Reached skill level 1 in Fire Magic
 27228 | D:15     | Killed a frost giant
 27247 | D:15     | Iwannabefree: sooooo much loot after orc, lair and dungeon
 27247 | D:15     | Iwannabefree: need sleep
 27247 | D:15     | Iwannabefree: bye
 27247 | D:15     | Upgraded the game from 0.19-a0-1384-gbb462ca to 0.19-a0-1401-g902f63d
 27450 | Swamp:1  | Entered Level 1 of the Swamp
 27450 | Swamp:1  | Noticed a thorn hunter
 27451 | Swamp:1  | Killed a thorn hunter
 27451 | Swamp:1  | Reached XP level 16. HP: 122/122 MP: 30/30
 27453 | Swamp:1  | Reached skill level 10 in Fighting
 27557 | D:11     | Bought a book of Air for 455 gold pieces
 27557 | D:11     | Bought a book of Fire for 845 gold pieces
 27566 | D:11     | Learned a level 2 spell: Repel Missiles
 28517 | Swamp:1  | Reached skill level 5 in Fire Magic
 29522 | Swamp:2  | Noticed Donald
 29732 | Swamp:2  | Killed Donald
 29843 | Swamp:2  | Noticed Nikola
 29853 | Swamp:2  | Killed Nikola
 29880 | Swamp:2  | Noticed a thorn hunter
 29908 | Swamp:1  | Killed a thorn hunter
 30232 | Swamp:2  | Noticed Roxanne
 31175 | Swamp:2  | Killed Roxanne
 31606 | Swamp:3  | Learned a level 6 spell: Bolt of Fire
 31725 | Swamp:3  | Reached skill level 10 in Fire Magic
 32212 | Swamp:4  | Entered Level 4 of the Swamp
 32388 | Swamp:4  | Reached XP level 17. HP: 71/128 MP: 31/31
 33557 | Swamp:4  | Got a decaying rune of Zot
 33678 | Swamp:4  | Lost mutation: You are agile. (Dex +2) [potion of mutation]
 34283 | Snake:1  | Entered Level 1 of the Snake Pit
 35270 | Snake:2  | Found Fylisiwi's Jewellery Emporium.
 35270 | Snake:2  | Found Uchodgh's Gadget Shop.
 35270 | Snake:2  | Found Qugorph's Jewellery Emporium.
 35322 | Snake:2  | Bought the ring "Jal Jipp" {+Blink rElec rC+} for 552 gold pieces
 36266 | Snake:2  | Lost mutation: Armour fits poorly on your strangely shaped body. [potion of cure mutation]
 36266 | Snake:2  | Lost mutation: You expend magic power (3 MP) to strengthen your wands. [potion of cure mutation]
 36267 | Snake:2  | Lost mutation: Potions and wands are less effective at restoring your health. [potion of cure mutation]
 36267 | Snake:2  | Lost mutation: You are surrounded by a mild repulsion field. (EV +2) [potion of cure mutation]
 36268 | Snake:2  | Gained mutation: You have large cloven feet. [potion of beneficial mutation]
 36273 | Snake:3  | Noticed Saint Roka
 36838 | Snake:2  | Reached XP level 18. HP: 103/134 MP: 1/35
 37162 | Snake:3  | Reached skill level 1 in Evocations
 37205 | Snake:3  | Killed Saint Roka
 37386 | Snake:3  | Noticed Kirke
 37393 | Snake:3  | Killed Kirke
 37629 | Snake:3  | Found Archits's Antique Weapon Emporium.
 37631 | Snake:3  | Found Cir Jir's Assorted Antiques.
 37633 | Snake:3  | Found Ociledgh's Weapon Emporium.
 37639 | Snake:3  | Bought a scroll labeled BOONUTHR SECENO for 34 gold pieces
 37639 | Snake:3  | Bought a scroll of teleportation for 102 gold pieces
 38146 | Snake:3  | Reached skill level 17 in Stealth
 38480 | Snake:4  | Entered Level 4 of the Snake Pit
 38772 | Snake:4  | Found a glowing golden altar of the Shining One.
 38775 | Snake:4  | Found Haeng's Gadget Boutique.
 38795 | Snake:4  | Reached skill level 5 in Evocations
 39385 | Snake:4  | Reached skill level 18 in Stealth
 39630 | Snake:4  | Learned a level 7 spell: Delayed Fireball
 40550 | Snake:4  | Reached skill level 19 in Stealth
 41258 | Snake:4  | Reached XP level 19. HP: 115/140 MP: 17/37
 41965 | Snake:4  | Got a serpentine rune of Zot
 42295 | Elf:1    | Entered Level 1 of the Elven Halls
 42365 | Elf:1    | Found a white marble altar of Elyvilon.
 42372 | Elf:1    | Found a ruined gateway.
 42372 | Elf:1    | Found a glowing golden altar of the Shining One.
 42375 | Elf:1    | Found a glowing silver altar of Zin.
 42534 | Desolati | Entered the Desolation of Salt
 42572 | Desolati | Learned a level 6 spell: Invisibility
 42771 | Desolati | Identified the cursed +2 battleaxe of Dirphilei {venom, Str+5 Dex+4}
 42772 | Desolati | Identified the ring of Mapuist {+Fly rN+ Str-4 Slay+3 Stlth+}
 42774 | Desolati | Identified the ring "Mon Laqu" {rPois rN+ Str+8 Int-2 Stlth-}
 43039 | Desolati | Gained mutation: Your body sometimes deteriorates upon taking damage. [mutagenic glow]
 43040 | Desolati | Lost mutation: Your body sometimes deteriorates upon taking damage. [potion of cure mutation]
 43040 | Desolati | Lost mutation: You have large cloven feet. [potion of cure mutation]
 43041 | Desolati | Gained mutation: You have a pair of small horns on your head. [potion of beneficial mutation]
 43437 | Desolati | Learned a level 1 spell: Apportation
 43438 | Desolati | Identified the Grimoire of the Tired Lives
 44326 | Desolati | HP: 7/140 [saltling (7)]
 44327 | Desolati | Slain by a saltling

Vault maps used:
D:1:      sevenhm_arrival_forest_fort_small_3
D:2:      first_bread
D:3:      corner_web_ring, uniq_grinder
D:4:      grunt_decor_cap, bloody_makhleb
D:5:      uniq_duvessa
D:6:      portal_sewer_entry_e, minmay_large_rounded_square, lightli_minifort,
          uniq_edmund, uniq_sigmund
D:7:      serial_shops, shop, grunt_livestock
D:8:      enter_ossuary_4, minmay_statues_item
D:9:      kennysheep_orc_sif_temple, minmay_gold_behind_fungi, minivault_28
D:10:     serial_shops, shop
D:11:     minmay_lair_entry_lava, nicolae_blasting_shop, uniq_erolcha
D:12:     orc_0_dummy
D:13:     erik_vaults_1, serial_shops, kennysheep_mini,
          fedhas_altar_decomposition
D:14:     hangedman_screamer, minmay_misc_feat_room
D:15:     grunt_enter_depths_hoard, grunt_decor_arrowhead, serial_ice,
          serial_ice_f, serial_ice_d, serial_ice_j, serial_ice_n, serial_ice_a,
          serial_ice_g, minmay_hidden_floor
Temple:   compressed_dpeg_circular_temple
Lair:1:   columned_hall_lemuel, minivault_25, grunt_megastairs_5
Lair:2:   swamp_mist, beast_lair_carwin_9, grunt_megastairs_3, uniq_sonja
Lair:3:   guppyfry_snake_entry_garden, serial_bayou_pond_a, uniq_rupert
Lair:4:   uniq_nessos
Lair:5:   minmay_slime_entry_jelly_boxes, st_stairs_4,
          grunt_forest_small_clearing_treed, lemuel_fruit_tree
Lair:6:   evil_forest, basic_altar, grunt_megastairs_1
Swamp:1:  serial_swamp_ruin, evilmike_swamp_ruin_wall,
          evilmike_swamp_ruin_rubble_2, swamp_pool4, st_swamp_ruins_4
Swamp:2:  nicolae_swamp_trees_clearing, uniq_roxanne, uniq_nikola, uniq_donald
Swamp:3:  evilmike_swamp_ruin_house_4
Swamp:4:  swamp
Snake:2:  special_room, minmay_shop_grove
Snake:3:  grunt_ministairs_8, minmay_shop_star, uniq_kirke, uniq_saint_roka
Snake:4:  grunt_snake_rune_serpentine_throne, basic_altar, serial_shops,
          nicolae_shop_statue_plus
Orc:1:    mines1_david
Orc:2:    st_orc_elflike, basic_altar, lab_entry_generic
Elf:1:    portal_desolation_entry_holy_temple, hangedman_elf_disciples
Lab:      labyrinth_spiral, nicolae_lab_grate, nicolae_lab_flowing_pool
Sewer:    kennysheep_pipe_town
Ossuary:  minmay_ossuary_two_tombs

Skill      XL: |  1  2  3  4  5  6  7  8  9 10 11 12 13 14 15 16 17 18 19 |
---------------+----------------------------------------------------------+-----
Spellcasting   | 3 4 5 7 9 10 13 14 | 14.0
Hexes          | 8 9 |  9.5
Stealth        | 6 8 14 16 19 | 19.5
Fighting       | 2 4 7 8 9 10 | 10.0
Dodging        | 3 9 14 | 14.0
Short Blades   | 7 9 |  9.0
Conjurations   | 4 8 10 11 | 11.0
Charms         | 5 9 11 | 11.0
Air Magic      | 5 |  5.0
Fire Magic     | 2 10 11 13 | 13.5
Evocations     | 7 8 |  8.0

Action                   |  1- 3 |  4- 6 |  7- 9 | 10-12 | 13-15 | 16-18 | 19-21 || total
-------------------------+-------+-------+-------+-------+-------+-------+-------++-------
Melee: Dagger            |    64 |   162 |       |       |       |       |       ||   226
       Bite              |     6 |    25 |    46 |    80 |    96 |    82 |    27 ||   362
       Short sword       |       |    34 |   448 |   751 |   863 |   216 |       ||  2312
       Rapier            |       |       |       |       |       |   672 |   210 ||   882
       Headbutt          |       |       |       |       |       |       |    20 ||    20
 Cast: Corona            |     8 |     3 |       |       |       |       |       ||    11
       Ensorcelled Hiber |    12 |    15 |     9 |       |       |       |       ||    36
       Confuse           |       |    12 |    66 |   156 |   210 |   268 |    30 ||   742
       Tukima's Dance    |       |       |       |    13 |     2 |       |       ||    15
       Iskenderun's Myst |       |       |       |    22 |   308 |    51 |    51 ||   432
       Iskenderun's Batt |       |       |       |     2 |    58 |    31 |    14 ||   105
       Lightning Bolt    |       |       |       |       |    10 |       |       ||    10
       Fireball          |       |       |       |       |       |   126 |       ||   126
       Bolt of Fire      |       |       |       |       |       |    95 |    20 ||   115
       Repel Missiles    |       |       |       |       |       |     6 |     1 ||     7
       Swiftness         |       |       |       |       |       |     1 |       ||     1
       Delayed Fireball  |       |       |       |       |       |     4 |     5 ||     9
       Invisibility      |       |       |       |       |       |       |     5 ||     5
Invok: Curse Item        |       |       |     4 |     1 |     4 |     4 |       ||    13
       Scrying           |       |       |     3 |       |     8 |     2 |     2 ||    15
 Abil: Release Delayed F |       |       |       |       |       |     4 |     3 ||     7
       Evoke Blink       |       |       |       |       |       |     1 |     1 ||     2
       End Transformatio |       |       |       |       |       |       |     1 ||     1
       Bat Form          |       |       |       |       |       |       |     1 ||     1
Evoke: Wand              |       |       |     1 |       |     1 |    11 |       ||    13
  Use: Scroll            |       |     1 |    12 |     6 |    25 |     8 |     6 ||    58
       Potion            |       |       |       |     3 |     9 |    18 |     5 ||    35
 Stab: Sleeping          |    11 |    21 |    30 |    73 |    41 |    28 |    15 ||   219
       Confused          |       |     6 |    28 |    93 |   125 |   127 |    19 ||   398
       Distracted        |       |       |     2 |     1 |     4 |     2 |     1 ||    10
       Invisible         |       |       |       |       |       |       |    11 ||    11
  Eat: Corpse            |    11 |     8 |    17 |    29 |    49 |    51 |     9 ||   174
Armor: Robe              |    10 |    41 |    58 |       |    33 |    47 |     9 ||   198
       Leather armour    |       |       |    27 |   124 |    81 |       |       ||   232
Dodge: Dodged            |    36 |    90 |   249 |   330 |   588 |   810 |   239 ||  2342
       Deflected         |       |       |       |       |       |    34 |     3 ||    37
